 Dungeon Crawl Stone Soup version 0.24-a0-201-gf205589 (webtiles) character file.

Game seed: 16696440662035435999

3613 Borgoz the Cutter (level 10, -2/65 HPs)
             Began as a Halfling Fighter on Mar 26, 2019.
             Was a Follower of Ashenzari.
             Killed from afar by an orc wizard (17 damage)
             ... with a wand of acid (8)
             ... on level 7 of the Dungeon.
             The game lasted 00:19:41 (6939 turns).

Borgoz the Cutter (Halfling Fighter)                Turns: 6939, Time: 00:19:42

Health: -2/65      AC:  2    Str: 17    XL:     10   Next: 32%
Magic:  0/14       EV: 13    Int:  9    God:    Ashenzari [*.....]
Gold:   450        SH: 10    Dex: 15    Spells: 8/14 levels left

rFire    . . .     SeeInvis .   a - +0 dagger (venom)
rCold    + . .     Gourm    .   c - +0 shield
rNeg     + . .     Faith    .   g - +0 scale mail
rPois    .         Spirit   +   i - +0 helmet
rElec    .         Reflect  .   r - scarf {Spirit}
rCorr    .         Harm     .   (no gloves)
MR       .....                  D - +0 pair of boots
Stlth    +.........             (no amulet)
HPRegen  0.20/turn              y - ring of positive energy
MPRegen  0.14/turn              z - ring of protection from cold

@: corroded
A: small, mutation resistance 1
a: Curse Item, Scrying, Renounce Religion


You were on level 7 of the Dungeon.
You worshipped Ashenzari.
Ashenzari was aware of your devotion.
You were very hungry.

You visited 2 branches of the dungeon, and saw 8 of its levels.
You also visited: Ossuary.

You collected 450 gold pieces.

Inventory:

Hand Weapons
 a - a +0 dagger of venom (weapon)
 b - a +0 hunting sling
 h - a +0 rapier
 A - a +4 quarterstaff of chaos
Missiles
 l - a throwing net (quivered)
 n - 251 stones
 o - 35 sling bullets
 v - 2 tomahawks
Armour
 c - a +0 shield (worn)
 g - a +0 scale mail (worn)
 i - a +0 helmet (worn)
 r - a scarf of spirit shield (worn)
 D - a +0 pair of boots (worn)
Jewellery
 t - an uncursed ring of ice
 w - an uncursed ring of fire
 y - a ring of positive energy (left hand)
 z - a ring of protection from cold (right hand)
 C - an uncursed ring of flight
Wands
 d - a wand of flame (10)
 m - a wand of random effects (37)
 s - a wand of clouds (2)
 x - a wand of disintegration (13)
Scrolls
 k - 6 scrolls of teleportation
 p - a scroll of random uselessness {unknown}
 q - 2 scrolls of magic mapping
 u - 8 scrolls of remove curse
 E - a scroll of amnesia
 F - a scroll of identify
 H - a scroll of blinking {unknown}
 J - 2 scrolls of fog
Potions
 e - 3 potions of cancellation
 j - 3 potions of brilliance
 B - 4 potions of curing
 I - a potion of agility
Comestibles
 f - 10 rations


   Skills:
 + Level 4.7 Fighting
 + Level 6.6 Short Blades
 + Level 5.3(5.6) Slings
 - Level 1.9(3.0) Throwing
 + Level 6.6 Armour
 + Level 5.2 Dodging
 + Level 4.6 Stealth
 + Level 5.7 Shields
 + Level 2.9 Spellcasting
 + Level 2.1 Hexes
 + Level 2.6 Ice Magic
 + Level 3.2 Evocations


You had 8 spell levels left.
You knew the following spells:

 Your Spells              Type           Power        Failure   Level  Hunger
a - Confusing Touch       Hex            #.....       83%         1    ##.....
b - Ensorcelled Hibernat  Hex/Ice        #.....       91%         2    ###....
c - Confuse               Hex            #.......     99%         3    ####...

Your spell library contained the following spells:

 Spells                   Type           Power        Failure   Level  Hunger
 Corona                   Hex            #......      83%         1    ##.....
 Animate Skeleton         Necr           N/A          98%         1    ##.....
 Apportation              Tloc           #.....       98%         1    ##.....
 Summon Small Mammal      Summ           #...         98%         1    ##.....
 Tukima's Dance           Hex            #.......     99%         3    ####...
 Dazzling Spray           Conj/Hex       #.....       100%        3    ####...


Dungeon Overview and Level Annotations

Branches:
Dungeon (7/15)             Temple (1/1) D:5

Altars:
Ashenzari
Cheibriados
Dithmenos
Elyvilon
Fedhas
Gozag
Hepliaklqana
Kikubaaqudgha
Makhleb
Nemelex Xobeh
Okawaru
Qazlal
Ru
Sif Muna
Trog
Uskayaw
Vehumet
Wu Jian
Xom
Yredelemnul
Zin
The Shining One

Shops:
D:5 [[


Innate Abilities, Weirdness & Mutations

You are small and have problems with some larger weapons.
You are somewhat resistant to further mutation.


Message History

* * * LOW HITPOINT WARNING * * *
Items here: )) [[[ † You feel much better.
You miss something.
Your shield and scale mail prevent you from hitting something.
Something hits you.
* * * LOW HITPOINT WARNING * * *
You closely miss something. Something hits you.
* * * LOW HITPOINT WARNING * * *
You hit something but do no damage. Something hits you.
* * * LOW HITPOINT WARNING * * *
You miss something. You hit something.
You hear some strange, mumbled words.
Something tries to affect you, but you resist.
You barely miss something.
You hear a zap.
A bolt of acid appears from out of thin air!
The bolt of acid hits you!!
You die...

##.#......... #.#
##........#.#. #.#
....#.....#.# ##.#
..........# .. #..#
....#.#...# #. #.##
##..........#.. #.##
#...######+...### #..#
#####≈≈≈≈≈#...{.# ##.#
#....≈# #@# #.#
######....≈##.##)########.#
.....#....≈#.....)?....##.#
#.##.'##########.###......#
#.##### ...# #...#### #.#
##### ##### #.# ..# .##


There were no monsters in sight!

Vanquished Creatures
  Pikel (D:4)
  Prince Ribbit (D:6)
  2 hippogriffs (D:7)
  A wraith (Ossuary)
  Menkaure (D:4)
  Duvessa (D:7)
  4 slaves (D:4)
  An ice beast (D:6)
  A black bear (D:6)
  A phantom (D:5)
  A necrophage (D:6)
  5 ogres
  Blork the orc (D:6)
  2 bullfrogs (D:6)
  Dowan (D:7)
  2 scorpions
  A howler monkey (D:6)
  A bullfrog zombie (D:5)
  4 crimson imps
  3 hounds
  Crazy Yiuf (D:3)
  An orc priest (D:4)
  7 orc wizards
  An iguana (D:7)
  Ijyb (D:4)
  Natasha (thrice) (D:2)
  5 worker ants
  A mummy (Ossuary)
  12 adders
  3 shadow imps
  4 worms
  3 leopard geckos
  25 orcs
  2 ball pythons
  6 giant cockroaches
  14 goblins
  12 hobgoblins
  5 jackals
  A quokka (D:4)
  7 bats
  5 frilled lizards
  A giant cockroach zombie (D:5)
  5 gnoll skeletons (Ossuary)
  9 kobolds
  7 kobold skeletons (Ossuary)
  13 orc skeletons (Ossuary)
  8 rats
197 creatures vanquished.

Notes
Turn   | Place    | Note
-------+----------+-------------------------------------------
     0 | D:1      | Borgoz the Halfling Fighter began the quest for the Orb.
     0 | D:1      | Reached XP level 1. HP: 15/15 MP: 1/1
   163 | D:1      | Reached XP level 2. HP: 19/20 MP: 2/2
   596 | D:2      | Reached XP level 3. HP: 24/25 MP: 3/3
   600 | D:2      | Noticed Natasha
   607 | D:2      | Killed Natasha
   607 | D:2      | Reached skill level 1 in Dodging
   644 | D:2      | Reached XP level 4. HP: 27/30 MP: 4/4
   798 | D:2      | Reached skill level 1 in Stealth
   835 | D:2      | Reached skill level 1 in Throwing
   847 | D:2      | Noticed Natasha
   862 | D:2      | Killed Natasha
   862 | D:2      | Reached XP level 5. HP: 20/36 MP: 5/5
  1363 | D:2      | Found a shimmering altar of Xom.
  1367 | D:2      | Found a hazy altar of Hepliaklqana.
  1372 | D:2      | Found a hide-covered altar of Uskayaw.
  1384 | D:2      | Found a shattered altar of Ashenzari.
  1399 | D:2      | Found an ornate altar of the Wu Jian Council.
  1507 | D:2      | Became a worshipper of Ashenzari the Shackled
  1696 | D:2      | Noticed Natasha
  1720 | D:2      | Killed Natasha
  1856 | D:3      | Found a deep blue altar of Sif Muna.
  2071 | D:3      | Reached XP level 6. HP: 42/42 MP: 6/6
  2209 | D:3      | Found a faded altar of an unknown god.
  2312 | D:3      | Found a runed translucent door.
  2313 | D:3      | Noticed Crazy Yiuf
  2331 | D:3      | Killed Crazy Yiuf
  2450 | D:4      | Noticed Menkaure
  2451 | D:4      | Found an ancient bone altar of Kikubaaqudgha.
  2461 | D:4      | Killed Menkaure
  2461 | D:4      | Reached skill level 1 in Slings
  2470 | D:4      | Noticed an ogre
  2481 | D:4      | Killed an ogre
  2481 | D:4      | Reached skill level 1 in Spellcasting
  2481 | D:4      | Reached XP level 7. HP: 18/46 MP: 8/8
  2584 | D:4      | Noticed Ijyb
  2630 | D:4      | Killed Ijyb
  2928 | D:4      | Noticed Pikel
  3023 | D:4      | Killed Pikel
  3023 | D:4      | Reached skill level 5 in Short Blades
  3023 | D:4      | Reached skill level 5 in Armour
  3023 | D:4      | Reached skill level 1 in Evocations
  3023 | D:4      | Reached XP level 8. HP: 31/53 MP: 10/10
  3389 | D:4      | Found a glowing golden altar of the Shining One.
  3452 | D:5      | Entered Level 5 of the Dungeon
  3455 | D:5      | Found Xihol's Armour Shop.
  3490 | D:5      | Learned a level 1 spell: Confusing Touch
  3493 | D:5      | Learned a level 2 spell: Ensorcelled Hibernation
  3497 | D:5      | Learned a level 3 spell: Confuse
  3568 | D:5      | Found Nuroseich's Armour Emporium.
  3661 | D:5      | Found a sand-covered staircase.
  3667 | Ossuary  | Entered an ossuary
  3667 | Ossuary  | Noticed a wraith
  3667 | Ossuary  | Noticed a wraith
  3667 | Ossuary  | Noticed a wraith
  3690 | Ossuary  | Reached XP level 9. HP: 47/58 MP: 9/12
  4291 | D:5      | Reached skill level 1 in Ice Magic
  4381 | D:5      | Reached skill level 5 in Shields
  4385 | D:5      | Found a staircase to the Ecumenical Temple.
  4386 | D:5      | Reached * piety under Ashenzari
  4399 | Temple   | Entered the Ecumenical Temple
  4840 | D:5      | Reached skill level 1 in Hexes
  5222 | D:6      | Noticed Blork the orc
  5269 | D:6      | HP: 2/58 [something (9)]
  5281 | D:6      | Killed Blork the orc
  5538 | D:6      | Found a bloodstained altar of Trog.
  5754 | D:6      | Noticed Prince Ribbit
  5786 | D:6      | Killed Prince Ribbit
  6120 | D:6      | Found a glowing silver altar of Zin.
  6194 | D:6      | Reached XP level 10. HP: 56/64 MP: 11/14
  6526 | D:7      | Reached skill level 5 in Dodging
  6599 | D:7      | Reached skill level 5 in Slings
  6874 | D:7      | Noticed Duvessa
  6880 | D:7      | Noticed Dowan
  6895 | D:7      | Killed Duvessa
  6908 | D:7      | Killed Dowan
  6930 | D:7      | HP: 2/64 [acid (10)]
  6939 | D:7      | Killed from afar by an orc wizard

Levels and vault maps discovered:
D:1:      minmay_arrival_cross, layout_basic
D:2:      layout_basic, minmay_overflow_temple_star_hex, first_ration,
          uniq_natasha
D:3:      layout_rooms, nicolae_overflow_crystal_walls,
          chequers_ecumenical_altar_lobes, grunt_ministairs_14, hex_tiny,
          minmay_goblin_outpost, uniq_crazy_yiuf_cottage
D:4:      layout_basic, kiku_gazebo_pond_becter, tso_oasis_becter, minivault_26,
          minmay_diced_spiral, uniq_menkaure, uniq_ijyb, uniq_pikel
D:5:      layout_loops_ring, minmay_temple_entry_slanted, enter_ossuary_5,
          serial_shops, nicolae_shop_window_shopping, shop_fountains
D:6:      layout_loops_ring, kennysheep_mini_moat, lemuel_doored_altar,
          minmay_stone_trees_small, uniq_blork_the_orc, uniq_prince_ribbit1
D:7:      layout_loops_cross, chequers_serial_rivers_room_a, uniq_duvessa
Temple:   minmay_temple_forest_path
Ossuary:  ossuary_due_mausoleum

Skill      XL: |  1  2  3  4  5  6  7  8  9 10 |
---------------+-------------------------------+-----
Short Blades   | 3 4 5 6 |  6.6
Dodging        | 1 2 3 4 5 |  5.2
Stealth        | 1 2 3 4 |  4.6
Throwing       | 1 |  1.9
Armour         | 4 5 6 |  6.6
Fighting       | 3 4 |  4.7
Slings         | 1 2 3 4 5 |  5.3
Spellcasting   | 1 2 |  2.9
Shields        | 4 5 |  5.7
Evocations     | 1 2 3 |  3.2
Ice Magic      | 2 |  2.6
Hexes          | 1 2 |  2.1

Action                   |  1- 3 |  4- 6 |  7- 9 | 10-12 || total
-------------------------+-------+-------+-------+-------++-------
Melee: Rapier            |    62 |   237 |   579 |    31 ||   909
       Dagger            |       |       |   189 |   114 ||   303
 Fire: Hunting sling     |       |     5 |       |       ||     5
Throw: Stone             |       |    10 |     1 |     1 ||    12
       Throwing net      |       |       |     6 |     1 ||     7
Evoke: Wand              |       |     1 |    10 |     1 ||    12
  Use: Potion            |       |     2 |    10 |     1 ||    13
       Scroll            |       |     2 |     8 |       ||    10
 Stab: Invisible         |       |       |     4 |       ||     4
  Eat: Chunk             |       |     5 |    14 |     1 ||    20
Armor: Scale mail        |    21 |    66 |   214 |    23 ||   324
       Skin              |       |       |    15 |       ||    15
Dodge: Dodged            |    13 |    82 |   353 |    54 ||   502
Block: Shield            |    29 |   124 |   385 |    73 ||   611

Table legend:
 A = Non-vault XP
 B = Vault XP
 C = Vault XP percentage of total XP
 D = Non-vault monster count
 E = Vault monster count
 F = Vault count percentage of total count
                 A         B        C        D         E       F
            +---------+---------+-------+---------+---------+-------
      Total |    3279 |    1883 |  36.5 |     148 |      45 |  23.3
            +---------+---------+-------+---------+---------+-------
        D:1 |      25 |       0 |   0.0 |      16 |       0 |   0.0
        D:2 |     152 |      35 |  18.7 |      27 |       1 |   3.6
        D:3 |      65 |      56 |  46.3 |      22 |       8 |  26.7
        D:4 |     597 |     925 |  60.8 |      26 |       5 |  16.1
        D:5 |     576 |       0 |   0.0 |      21 |       0 |   0.0
        D:6 |    1143 |     373 |  24.6 |      26 |       2 |   7.1
        D:7 |     721 |     234 |  24.5 |      10 |       2 |  16.7
    Ossuary |       0 |     260 | 100.0 |       0 |      27 | 100.0
            +---------+---------+-------+---------+---------+-------
